Workbook

Sheet LICENCIAS FEDERATIVAS
A1: LICENCIAS CLUB MONTAÑERO CARBONERO (CMC)
B2: 2023 | C2: Prespto. 2024
B3: Nº Licencias | C3: Nº Licencias | D3: % Var. | F3: 2023
A4: A | B4: 47 | C4: =B4*(1+D4) -> 65.8 | D4: 0.4 | F4: =+B4*B17 -> 1880
A5: A-IS | B5: 1 | C5: =B5*(1+D5) -> 1.4 | D5: 0.4 | F5: =B5*B18 -> 15
A6: A-ESC | B6: 1 | C6: =B6*(1+D6) -> 1.4 | D6: 0.4 | F6: =B6*B19 -> 10
A7: A1 | B7: 5 | C7: =B7*(1+D7) -> 7 | D7: 0.4 | F7: =B7*B20 -> 135
A8: A+ | B8: 4 | C8: =B8*(1+D8) -> 5.6 | D8: 0.4 | F8: =B8*B21 -> 208
A9: B | B9: 11 | C9: =B9*(1+D9) -> 15.4 | D9: 0.4 | F9: =B9*B22 -> 660
A10: A65 | B10: 22 | C10: =B10*(1+D10) -> 30.8 | D10: 0.4 | F10: =B10*B23 -> 616
A11: B+ | B11: 2 | C11: =B11*(1+D11) -> 2.8 | D11: 0.4 | F11: =B11*B24 -> 152
B12: =SUM(B4:B11) -> 93 | C12: =SUM(C4:C11) -> 130.2 | D12: =(C12-B12)/B12 -> 0.4
A14: PRECIO LICENCIAS
B15: 2023 | C15: 2024
B16: Precio Licencias | C16: Precio Licencias | D16: % Var.
A17: A | B17: 40 | C17: 43 | D17: =(C17-B17)/B17 -> 0.075
A18: A-IS | B18: 15 | C18: 18 | D18: =(C18-B18)/B18 -> 0.2
A19: A-ESC | B19: 10 | C19: 10 | D19: =(C19-B19)/B19 -> 0
A20: A1 | B20: 27 | C20: 27 | D20: =(C20-B20)/B20 -> 0
A21: A+ | B21: 52 | C21: 55 | D21: =(C21-B21)/B21 -> 0.057692308
A22: B | B22: 60 | C22: 63 | D22: =(C22-B22)/B22 -> 0.05
A23: A65 | B23: 28 | C23: 31 | D23: =(C23-B23)/B23 -> 0.10714286
A24: B+ | B24: 76 | C24: 79 | D24: =(C24-B24)/B24 -> 0.039473684
A27: PRESUPUESTO TOTAL GASTOS X LICENCIAS-CMC 2024
B29: Nº Licencias | C29: Precio | D29: Importe
A30: A | B30: =C4 -> 65.8 | C30: =C17 -> 43 | D30: =B30*C30 -> 2829.4
A31: A-IS | B31: =C5 -> 1.4 | C31: =C18 -> 18 | D31: =B31*C31 -> 25.2
A32: A-ESC | B32: =C6 -> 1.4 | C32: =C19 -> 10 | D32: =B32*C32 -> 14
A33: A1 | B33: =C7 -> 7 | C33: =C20 -> 27 | D33: =B33*C33 -> 189
A34: A+ | B34: =C8 -> 5.6 | C34: =C21 -> 55 | D34: =B34*C34 -> 308
A35: B | B35: =C9 -> 15.4 | C35: =C22 -> 63 | D35: =B35*C35 -> 970.2
A36: A65 | B36: =C10 -> 30.8 | C36: =C23 -> 31 | D36: =B36*C36 -> 954.8
A37: B+ | B37: =C11 -> 2.8 | C37: =C24 -> 79 | D37: =B37*C37 -> 221.2
B38: =SUM(B30:B37) -> 130.2 | D38: =SUM(D30:D37) -> 5511.8
A41: Gasto x licencias 2023 | C41: =(D38/D41)-1 -> 0.49940152 | D41: =(B4*B17)+(B5*B18)+(B6*B19)+(B7*B20)+(B8*B21)+(B9*B22)+(B10*B23)+(B11*B24) -> 3676

Sheet RUTAS-SOCIOS
A1: PRESUPUESTO TOTAL INGRESOS 2024
B3: 2023 | C3: 2024 | D3: %
A4: Licencias Federativas | B4: ='LICENCIAS FEDERATIVAS'!D41 -> 3676 | C4: ='LICENCIAS FEDERATIVAS'!D38 -> 5511.8 | D4: =(C4/B4)-1 -> 0.49940152
A5: Cuotas socios | B5: ='LICENCIAS FEDERATIVAS'!B12*18 -> 1674 | C5: ='LICENCIAS FEDERATIVAS'!C12*18 -> 2343.6 | D5: =(C5/B5)-1 -> 0.4
A6: Venta equipaciones/ complementos Club | B6: 0 | C6: =Tabla1[[#Totals],[Ingreso]] -> 4000 | D6: =(C6/B6)-1 -> #DIV/0!
A7: Inscripción rutas | B7: =+B9-B4-B5 -> 1150 | C7: =45*4*10 -> 1800 | D7: =(C7/B7)-1 -> 0.56521739
A8: Subvención Ayto.Carboneras | B8: 0 | C8: 500 | D8: 1
A9: TOTAL INGRESOS CLUB | B9: 6500 | C9: =+C4+C5+C7+C8+C6 -> 14155.4 | D9: =(C9/B9)-1 -> 1.1777538
A12: Pago rutas 2023 (45 rutas) | B12: Entre 12-15 personas * ruta
A14: Para las cuotas de socio he considerado una cuota lineal de 24 €/año
A16: La inscripción en rutas en 2023 (45), ha supuesto una media de 12-18 inscripciones x ruta (3-5 €)
A18: Respecto a 2024, tanto importe total de licencias como de cuotas de socio, corresponden al incremento de socios presupuestada, así como los importes tanto de licencias federativas como de cuotas de socios, que corresponden a los importes aprobados tanto por la Federación Andaluza como por el Club Montañero Carbonero.
A24: Para la inscripción de rutas, hemos considerado una inscripción por ruta (45 rutas) , de 15 personas de media, a 5€/persona (no federados).

Sheet INVERSIONES-GTO.CORRIENTE
A1: INVERSIONES
B2: 2023 | C2: Prespto. 2024 | D2: % Var. | E2: Amortz.(5 años)
A3: GPS | B3: 322.97 | C3: 375 | D3: =(C3-B3)/B3 -> 0.16109855 | E3: =C3/5 -> 75
A4: Walkie-Talkies | B4: 0 | C4: 194.79 | D4: =(C4-B4)/B4 -> #DIV/0! | E4: =C4/5 -> 38.958
A5: Sello caucho | B5: 0 | C5: 72.6 | D5: =(C5-B5)/B5 -> #DIV/0! | E5: =C5/5 -> 14.52
A6: Banderas | B6: 0 | C6: =2*(49*1.21) -> 118.58 | D6: =(C6-B6)/B6 -> #DIV/0! | E6: =C6/5 -> 23.716
A7: Banderín | B7: 0 | C7: =2*(25*1.21) -> 60.5 | D7: =(C7-B7)/B7 -> #DIV/0! | E7: =C7/5 -> 12.1
A8: Otros | B8: 0 | C8: 0 | D8: =(C8-B8)/B8 -> #DIV/0! | E8: =C8/5 -> 0
B9: =SUM(B3:B8) -> 322.97 | C9: =SUM(C3:C8) -> 821.47 | D9: =(C9-B9)/B9 -> 1.543487 | E9: =SUM(E3:E8) -> 164.294
A12: GASTO CORRIENTE
B13: 2023 | C13: Prespto. 2024 | D13: % Var.
A14: Licencias federativas | B14: =+'LICENCIAS FEDERATIVAS'!D41 -> 3676 | C14: ='LICENCIAS FEDERATIVAS'!D38 -> 5511.8 | D14: =(C14-B14)/B14 -> 0.49940152
A15: Botiquines | B15: =51.61+16.58+12.97+7.3 -> 88.46 | C15: 100 | D15: =(C15-B15)/B15 -> 0.13045444
A16: Seguro R.C. | B16: 153.57 | C16: 153.57 | D16: =(C16-B16)/B16 -> 0
A17: Seguro accidentes | B17: 162.59 | C17: 271.46 | D17: =(C17-B17)/B17 -> 0.66959838
A18: Wordpress | B18: 58.08 | C18: 65 | D18: =(C18-B18)/B18 -> 0.11914601
A19: Bota vino | B19: 29.99 | C19: 55.64 | D19: =(C19-B19)/B19 -> 0.8552851
A20: Reposición vino | B20: 30 | C20: 50 | D20: =(C20-B20)/B20 -> 0.66666667
A21: Camisetas | B21: 0 | C21: ='LICENCIAS FEDERATIVAS'!C12*15.13 -> 1969.926 | D21: =(C21-B21)/B21 -> #DIV/0!
A22: Pin escudo | B22: 0 | C22: =100*(1.2*1.21) -> 145.2 | D22: =(C22-B22)/B22 -> #DIV/0!
A23: Mochilas escudo | B23: 0 | C23: =100*(1.6*1.21) -> 193.6 | D23: =(C23-B23)/B23 -> #DIV/0!
A24: Cortavientos | B24: 0 | C24: =100*(16.4*1.21) -> 1984.4 | D24: =(C24-B24)/B24 -> #DIV/0!
A25: Forro Polar | B25: 0 | C25: =100*(16.4*1.21) -> 1984.4 | D25: =(C25-B25)/B25 -> #DIV/0!
A26: Braga cuello | B26: 0 | C26: =100*(1.3*1.21) -> 157.3 | D26: =(C26-B26)/B26 -> #DIV/0!
A27: Carteles club | B27: 0 | C27: =100*(1*1.21) -> 121 | D27: =(C27-B27)/B27 -> #DIV/0!
A28: Tarjeta club | B28: 0 | C28: =100*(2.2*1.21) -> 266.2 | D28: =(C28-B28)/B28 -> #DIV/0!
A29: Gtos comida | B29: 368.02 | C29: 500 | D29: =(C29-B29)/B29 -> 0.35862181
A30: Otros | B30: 4 | C30: 10 | D30: =(C30-B30)/B30 -> 1.5
B31: 0 | C31: 0 | D31: =(C31-B31)/B31 -> #DIV/0!
B32: =SUM(B14:B31) -> 4570.71 | C32: =SUM(C14:C31) -> 13539.496 | D32: =(C32-B32)/B32 -> 1.9622304
A35: RESULTADOS
A37: Ingresos | B37: =+'RUTAS-SOCIOS'!C9 -> 14155.4
A38: Gastos | B38: =-C32-(C9*0.2) -> -13703.79
B39: =+B37+B38 -> 451.61 | C39: =+B39/B37 -> 0.031903726 | D39: Margen Beneficio

Sheet RESULTADOS
A2: PRESUPUESTO DE LA CUENTA DE RESULTADOS DEL CLUB MONTAÑERO CARBONERO-2024
A4: Ingresos | D4: Gastos
A5: =+'RUTAS-SOCIOS'!A4 -> Licencias Federativas | B5: =+'RUTAS-SOCIOS'!C4 -> 5511.8 | D5: Licencias federativas | E5: =+'INVERSIONES-GTO.CORRIENTE'!C14 -> 5511.8
A6: =+'RUTAS-SOCIOS'!A5 -> Cuotas socios | B6: =+'RUTAS-SOCIOS'!C5 -> 2343.6 | D6: Botiquines | E6: =+'INVERSIONES-GTO.CORRIENTE'!C15 -> 100
A7: =+'RUTAS-SOCIOS'!A6 -> Venta equipaciones/ complementos Club | B7: =+'RUTAS-SOCIOS'!C6 -> 4000 | D7: Seguro R.C. | E7: =+'INVERSIONES-GTO.CORRIENTE'!C16 -> 153.57
A8: =+'RUTAS-SOCIOS'!A7 -> Inscripción rutas | B8: =+'RUTAS-SOCIOS'!C7 -> 1800 | D8: Seguro accidentes | E8: =+'INVERSIONES-GTO.CORRIENTE'!C17 -> 271.46
A9: =+'RUTAS-SOCIOS'!A8 -> Subvención Ayto.Carboneras | B9: =+'RUTAS-SOCIOS'!C8 -> 500 | D9: Wordpress | E9: =+'INVERSIONES-GTO.CORRIENTE'!C18 -> 65
D10: Bota vino | E10: =+'INVERSIONES-GTO.CORRIENTE'!C19 -> 55.64
D11: Reposición vino | E11: =+'INVERSIONES-GTO.CORRIENTE'!C20 -> 50
D12: Camisetas | E12: =+'INVERSIONES-GTO.CORRIENTE'!C21 -> 1969.926
D13: Pin escudo | E13: =+'INVERSIONES-GTO.CORRIENTE'!C22 -> 145.2
D14: Mochilas escudo | E14: =+'INVERSIONES-GTO.CORRIENTE'!C23 -> 193.6
D15: Cortavientos | E15: =+'INVERSIONES-GTO.CORRIENTE'!C24 -> 1984.4
D16: Forro Polar | E16: =+'INVERSIONES-GTO.CORRIENTE'!C25 -> 1984.4
D17: Braga cuello | E17: =+'INVERSIONES-GTO.CORRIENTE'!C26 -> 157.3
D18: Carteles club | E18: =+'INVERSIONES-GTO.CORRIENTE'!C27 -> 121
D19: Tarjeta club | E19: =+'INVERSIONES-GTO.CORRIENTE'!C28 -> 266.2
D20: Gtos comida | E20: =+'INVERSIONES-GTO.CORRIENTE'!C29 -> 500
D21: Otros | E21: =+'INVERSIONES-GTO.CORRIENTE'!C30 -> 10
D22: Amortización Inversiones | E22: =+'INVERSIONES-GTO.CORRIENTE'!E9 -> 164.294
D23: PERDIDAS Y GANANCIAS | E23: 451.61 | G23: =B24-E24 -> 0
A24: TOTALES | B24: =SUM(B5:B23) -> 14155.4 | E24: =SUM(E5:E23) -> 14155.4

Sheet TESORERIA
A2: BANCO
A4: Saldo inicial | B4: =9600-3538.17 -> 6061.83
A5: Cobros | B5: =+'RUTAS-SOCIOS'!C9 -> 14155.4
A6: Pagos | B6: =-'INVERSIONES-GTO.CORRIENTE'!C9-'INVERSIONES-GTO.CORRIENTE'!C32 -> -14360.966
A7: Saldo final | B7: =+B4+B5+B6 -> 5856.264
A9: No conocemos periodicidad de los cobros y pagos

Sheet Descuentos
A1: Artículo | B1: Precio | C1: Unidades | D1: Total | E1: IVA | F1: Importe IVA | G1: Total + IVA | H1: Precio por unidad | I1: Descuento club/unidad | J1: % | K1: Total descuento club | L1: Precio final socia/o | M1: Ingreso | N1: Coste
A2: Camiseta tipo full print | B2: 12 | C2: 100 | D2: =B2*C2 -> 1200 | E2: 0.21 | F2: =D2*E2 -> 252 | G2: =D2+F2 -> 1452 | H2: =G2/C2 -> 14.52 | I2: 4.52 | J2: =+Tabla1[[#This Row],[Descuento club/unidad]]/Tabla1[[#This Row],[Precio por unidad]] -> 0.31129477 | K2: =I2*C2 -> 452 | L2: 10 | M2: =Tabla1[[#This Row],[Precio final socia/o]]*Tabla1[[#This Row],[Unidades]] -> 1000 | N2: =+Tabla1[[#This Row],[Precio por unidad]]*Tabla1[[#This Row],[Unidades]] -> 1452
A3: Cortavientos tipo full print | B3: 16 | C3: 100 | D3: =B3*C3 -> 1600 | E3: 0.21 | F3: =D3*E3 -> 336 | G3: =D3+F3 -> 1936 | H3: =G3/C3 -> 19.36 | I3: 4.36 | J3: =+Tabla1[[#This Row],[Descuento club/unidad]]/Tabla1[[#This Row],[Precio por unidad]] -> 0.22520661 | K3: =I3*C3 -> 436 | L3: 15 | M3: =Tabla1[[#This Row],[Precio final socia/o]]*Tabla1[[#This Row],[Unidades]] -> 1500 | N3: =+Tabla1[[#This Row],[Precio por unidad]]*Tabla1[[#This Row],[Unidades]] -> 1936
A4: Forro polar con escudo bordado | B4: 16 | C4: 100 | D4: =B4*C4 -> 1600 | E4: 0.21 | F4: =D4*E4 -> 336 | G4: =D4+F4 -> 1936 | H4: =G4/C4 -> 19.36 | I4: 4.36 | J4: =+Tabla1[[#This Row],[Descuento club/unidad]]/Tabla1[[#This Row],[Precio por unidad]] -> 0.22520661 | K4: =I4*C4 -> 436 | L4: 15 | M4: =Tabla1[[#This Row],[Precio final socia/o]]*Tabla1[[#This Row],[Unidades]] -> 1500 | N4: =+Tabla1[[#This Row],[Precio por unidad]]*Tabla1[[#This Row],[Unidades]] -> 1936
M5: =SUM(M2:M4) -> 4000 | N5: =SUM(N2:N4) -> 5324
A6: Mochila | C6: REGALO CLUB
A7: PIN | C7: REGALO CLUB
A8: pañuelo | C8: REGALO CLUB
A9: carnet | C9: REGALO CLUB
